 Dungeon Crawl Stone Soup version bcrawl-1.39.1 (webtiles) character file.

Game seed: 11970681760814508121

153366 AxeAttX the Insei (level 7, -5/57 HPs)
             Began as a Human Martial Artist on Sept 20, 2023.
             Was a Believer of Wu Jian.
             Slain by an orc warrior
             ... wielding a +0 dire flail
              (23 damage)
             ... on level 4 of the Dungeon.
             The game lasted 00:05:19 (4680 turns).

AxeAttX the Insei (Human Martial Artist)            Turns: 4680, Time: 00:05:20

Health: -5/57      AC:  7    Str: 14    XL:     7   Next: 31%
Magic:  8/8        EV:  9    Int:  9    God:    Wu Jian [**....]
Gold:   109        SH:  0    Dex: 16    Spells: 7/8 levels left

rFire    . . .     GDR:     28%   - Fists (9.8)
rCold    . . .     SeeInvis .   (no shield)
rNeg     . . .     Gourm    .   b - +0 scale mail
rPois    .         Faith    .   (no helmet)
rElec    .         Spirit   .   (no cloak)
rCorr    .         Reflect  .   (no gloves)
MR       .....                  m - +0 pair of boots (curse)
Stlth    ..........             (no amulet)
HPRegen  0.19/turn              (no ring)
MPRegen  0.11/turn              (no ring)

@: heavily drained
A: no striking features
a: Wall Jump, Serpent's Lash, Renounce Religion


You were on level 4 of the Dungeon.
You worshipped Wu Jian.
Wu Jian was pleased with you.
You were not hungry.

You visited 1 branch of the dungeon, and saw 4 of its levels.

You collected 217 gold pieces.
You spent 108 gold pieces at shops.

Inventory:

Missiles
 i - 60 curare-tipped needles
Armour
 a - a +0 robe
 b - a +0 scale mail (worn)
   (You found it on level 1 of the Dungeon)
 m - a cursed +0 pair of boots (worn)
   (You found it on level 2 of the Dungeon)
Wands
 n - a wand of iceblast (1)
   (You found it on level 2 of the Dungeon)
Scrolls
 c - 2 scrolls of remove curse {unknown}
 d - a scroll of fog {unknown}
 l - a scroll of immolation {unknown}
 o - a scroll of enchant armour {unknown}
 p - 3 scrolls of teleportation
 q - a scroll of blinking {unknown}
 r - 4 scrolls of identify
Potions
 f - 2 potions of brilliance
 g - 2 potions of magic
 h - a potion of flight {unknown}
 j - 2 potions of curing {unknown}
 k - 2 potions of mutation {unknown}
 s - a potion of agility
 u - 2 potions of ambrosia {unknown}
Comestibles
 e - 6 rations {!d}
 t - 2 chunks of flesh


   Skills:
 + Level 5.9(4.2) Fighting
 - Level 3.2(1.7) Dodging
 - Level 1.2(0.0) Stealth
 + Level 7.1(5.4) Unarmed Combat
 - Level 1.0(0.0) Spellcasting
 - Level 1.1(0.0) Hexes


You had 7 spell levels left.
You knew the following spells:

 Your Spells              Type           Power        Failure   Level  Hunger
a - Confusing Touch       Hex            #.......     88%         1    None
Your spell library was empty.

Dungeon Overview and Level Annotations

Branches:
Dungeon (4/12)
 Temple: D:4-7

Altars:
Ashenzari
Lugonu

Shops:
D:4 *


Message History

The orc warrior is heavily wounded.
The orc warrior hits you with a +0 dire flail!!
* * * LOW HITPOINT WARNING * * *
You hit the orc warrior but do no damage.
The orc warrior is heavily wounded.
The orc warrior misses you.
As you read the scroll of teleportation, it crumbles to dust.
You feel strangely unstable. The hound bites you.
* * * LOW HITPOINT WARNING * * *
The hound closely misses you.
Unknown command.
You feel less exhausted.
Your surroundings suddenly seem different.
You start resting.
Eating a chunk of flesh.
You eat the chunk of flesh.
This raw flesh tastes terrible.
The hound is too close now for your liking.
A hound is nearby!
The hound barks!
You open the door.
There is an open door here.
You close the door.
You start resting.
HP restored.
You open the door.
There is an open door here.
You punch the hound!
The hound is heavily wounded.
The hound bites you but does no damage.
You hit the hound.
The hound is almost dead.
The hound barely misses you.
You closely miss the hound.
The hound is almost dead.
The hound barely misses you. The hound misses you.
You hit the hound.
You kill the hound!
The Council accepts your kill.
You see here a hound corpse.
No target in view!
Key pressed, stopping explore.
No target in view!
You butcher the hound corpse.
t - 2 chunks of flesh You see here a hound skeleton. x2
You now have 96 gold pieces (gained 20).
u - 2 purple potions No target in view!
You see here a short sword.
Found a stone staircase leading down.
No target in view!
There is a stone staircase leading down here.
Found an escape hatch in the ceiling.
You see here a spear.
You now have 103 gold pieces (gained 7).
You now have enough gold to buy a wand of paralysis (8) on this level.
You can access your shopping list by pressing '$'.
You now have 109 gold pieces (gained 6).
You open the door.
There is an open door here.
There is an escape hatch in the ceiling here.
You open the door.
There is an open door here.
You see here a whip.
You open the door.
There is an open door here.
You open the door.
There is an open door here.
You open the door.
The orc warrior is too close now for your liking.
You lunge at the orc warrior.
You hit the orc warrior but do no damage.
The orc warrior hits you with a +0 dire flail!
You barely miss the orc warrior.
The orc warrior hits you with a +0 dire flail.
You hit the orc warrior.
The orc warrior is lightly wounded.
The orc warrior hits you with a +0 dire flail!
You are too injured to fight recklessly!
You closely miss the orc warrior. Your punch misses the orc warrior.
The orc warrior is lightly wounded.
You are too injured to fight recklessly!
You hit the orc warrior.
The orc warrior is moderately wounded.
The orc warrior barely misses you.
You hit the orc warrior.
The orc warrior is moderately wounded.
The orc warrior hits you with a +0 dire flail.
You hit the orc warrior.
The orc warrior is heavily wounded.
The orc warrior hits you with a +0 dire flail!
You hit the orc warrior but do no damage.
The orc warrior is heavily wounded.
Evoke which item? (* to show all) (? for menu, Esc to quit)
Aiming: Iceblast
Press: ? - help, Shift-Dir - straight line The mass of ice explodes!
The iceblast engulfs the orc warrior.
The orc warrior is severely wounded.
The orc warrior hits you with a +0 dire flail!!
You die...

................#..#.....#
#...#...#...#...#..#.....#
......).........#..#.....#
#...#...#...#..##..#.....#
...............#...#####..
#############..'....#..#
.##..##..#.....######..# #
.##..##..###+#......#..# .#
###..........+..@...#..# ..+
.............#...o..#..# ...#
.........#####......#'##....#
.##......#...................
.##......#...................
.........#...................
.........#...................
+##......#...................
..#......#.....#######+######


You could see an orc warrior.

Vanquished Creatures
  An ogre (D:4)
  2 scorpions (D:4)
  A crimson imp (D:4)
  2 hounds (D:4)
  A gnoll shaman (D:4)
  An orc wizard (D:3)
  3 gnolls (D:4)
  5 adders
  A worm (D:2)
  4 dart slugs
  2 leopard geckos
  6 orcs
  4 bats
  3 giant cockroaches
  3 goblins
  8 hobgoblins
  6 jackals (D:1)
  5 kobolds
  A frilled lizard (D:1)
  2 rats (D:3)
61 creatures vanquished.

Notes
Turn   | Place    | Note
-------+----------+-------------------------------------------
     0 | D:1      | AxeAttX the Human Martial Artist began the quest for the
                  | Orb.
     0 | D:1      | Reached XP level 1. HP: 18/18 MP: 2/2
    59 | D:1      | Reached XP level 2. HP: 14/24 MP: 1/3
   650 | D:1      | Reached XP level 3. HP: 12/29 MP: 4/4
  1291 | D:2      | Reached skill level 5 in Unarmed Combat
  1478 | D:2      | Found a shattered altar of Ashenzari.
  2241 | D:3      | Reached XP level 4. HP: 32/37 MP: 5/5
  2369 | D:3      | Reached skill level 4 in Fighting
  2378 | D:3      | Reached ** piety under Wu Jian
  2664 | D:3      | Reached XP level 5. HP: 42/42 MP: 6/6
  2895 | D:3      | Found a faded altar of an unknown god.
  3203 | D:4      | Noticed an ogre
  3210 | D:4      | HP: 3/43 [ogre/cursed -2 giant club (18)]
  3211 | D:4      | Killed an ogre
  3212 | D:4      | Reached skill level 5 in Fighting
  3212 | D:4      | Reached skill level 6 in Unarmed Combat
  3212 | D:4      | Reached XP level 6. HP: 3/51 MP: 5/7
  3628 | D:4      | Found Tiorgh's General Store.
  3642 | D:4      | Bought a scroll of teleportation for 36 gold pieces
  3642 | D:4      | Bought a scroll of teleportation for 36 gold pieces
  3642 | D:4      | Bought a scroll of teleportation for 36 gold pieces
  4049 | D:4      | Reached XP level 7. HP: 38/56 MP: 8/8
  4292 | D:4      | Found a corrupted altar of Lugonu.
  4340 | D:4      | Reached skill level 7 in Unarmed Combat
  4680 | D:4      | Slain by an orc warrior

Skill      XL: |  1  2  3  4  5  6  7 |
---------------+----------------------+-----
Unarmed Combat | 5 6 7 |  7.1
Fighting       | 4 5 |  5.9
Dodging        | |  3.2
Stealth        | |  1.2
Spellcasting   | |  1.0
Hexes          | |  1.1

Action                   |  1- 3 |  4- 6 |  7- 9 || total
-------------------------+-------+-------+-------++-------
Melee: Unarmed           |   103 |   143 |    46 ||   292
       Punch             |     1 |     5 |       ||     6
 Cast: Confusing Touch   |    12 |     1 |       ||    13
 Abil: Whirlwind         |    20 |     7 |     5 ||    32
       Lunge             |     7 |     7 |     1 ||    15
       Serpent's Lash    |       |     3 |     1 ||     4
Evoke: Wand              |       |     4 |     1 ||     5
  Use: Scroll            |     2 |     1 |     1 ||     4
 Stab: Confused          |     1 |       |       ||     1
       Sleeping          |     3 |       |       ||     3
  Eat: Chunk             |     6 |     7 |     5 ||    18
Armor: Robe              |    10 |       |       ||    10
       Scale mail        |     3 |    50 |    10 ||    63
Dodge: Dodged            |    64 |    43 |    13 ||   120

Levels and vault maps discovered:
D:1:      tarquinn_simple_flora_water_d, layout_basic
D:2:      layout_basic, lemuel_crystal_altar, first_ration, kennysheep_boxes
D:3:      layout_basic, chequers_ecumenical_altar_grove, serial_bayou_ford_a,
          small_statue_intersection
D:4:      layout_gridville, minitemple, lemuel_coloured_pillars_altar,
          serial_shops, shop_fountains, corexii_shack

Table legend:
 A = Turns spent in this place as a percentage of turns spent in the entire game.
 B = Non-inter-level travel turns spent in this place as a percentage of non-inter-level travel turns spent in the entire game.
 C = Inter-level travel turns spent in this place as a percentage of turns spent in this place.
 D = Turns resting spent in this place as a percentage of non-inter-level travel turns spent in this place.
 E = Turns spent auto-exploring this place as a percentage of non-inter-level travel turns spent in this place.
 F = Non-inter-level travel turns spent in this place divided by the number of levels of this place that you've seen.
                   A       B       C       D       E      F
               +-------+-------+-------+-------+-------+----------------------
         Total | 100.0 | 100.0 |   4.6 |  13.0 |  73.4 | 1115.8
       Dungeon | 100.0 | 100.0 |   4.6 |  13.0 |  73.4 | 1115.8
               +-------+-------+-------+-------+-------+----------------------

Table legend:
 A = Kills in this place as a percentage of kills in entire the game.
 B = Kills by you in this place as a percentage of kills by you in the entire game.
 C = Kills by friends in this place as a percentage of kills by friends in the entire game.
 D = Other kills in this place as a percentage of other kills in the entire game.
 E = Experience gained in this place as a percentage of experience gained in the entire game.
 F = Experience gained in this place divided by the number of levels of this place that you have seen.
                   A       B       C       D       E      F
               +-------+-------+-------+-------+-------+----------------------
         Total | 100.0 | 100.0 |   N/A |   N/A | 100.0 | 168.5
       Dungeon | 100.0 | 100.0 |   N/A |   N/A | 100.0 | 168.5
               +-------+-------+-------+-------+-------+----------------------
